 Dungeon Crawl Stone Soup version 0.31-a0-1082-g7d1fb776a8 (webtiles) character file.

Game seed: 8018578607140696643

256 graki42 the Conjurer (level 5, 0/28 HPs)
             Began as a Deep Elf Conjurer on Nov 27, 2023.
             Slain by an orc wizard
             ... wielding a +0 dagger
              (3 damage)
             ... on level 3 of the Dungeon.
             The game lasted 00:07:08 (3043 turns).

graki42 the Conjurer (Deep Elf Conjurer)            Turns: 3043, Time: 00:07:09

Health: 0/28       AC:  2    Str:  6    XL:     5   Next: 92%
Magic:  1/14       EV: 13    Int: 23    God:
Gold:   142        SH:  0    Dex: 19    Spells: 3/14 levels left

rFire   . . .        n - +2 dagger (speed)
rCold   . . .        (no shield)
rNeg    . . .        a - +0 robe
rPois   +            (no helmet)
rElec   .            (no cloak)
rCorr   .            (no gloves)
SInv    .            (no boots)
Will    .....        (no amulet)
Stlth   +++          f - ring of poison resistance
HPRegen 0.24/turn    k - +6 ring of dexterity
MPRegen 0.14/turn

%: no passive effects
@: no status effects
A: no striking features
a: no special abilities


You were on level 3 of the Dungeon.
You visited 1 branch of the dungeon, and saw 3 of its levels.

You collected 142 gold pieces.

Inventory:

Hand Weapons
 n - a +2 dagger of speed (weapon)
Armour
 a - a +0 robe (worn)
Jewellery
 f - a ring of poison resistance (left hand)
 k - a +6 ring of dexterity (right hand)
 l - a ring of protection from cold
Scrolls
 c - 5 scrolls of identify {unknown}
 h - 2 scrolls of teleportation {unknown}
 j - 2 scrolls of amnesia {unknown}
 o - a scroll of noise {unknown}
Potions
 b - a potion of magic
 d - 2 potions of heal wounds {unknown}
 e - a potion of enlightenment {unknown}
 g - a potion of lignification {unknown}
 m - 2 potions of mutation {unknown}


   Skills:
 - Level 3.0 Dodging
 - Level 3.0 Stealth
 + Level 5.3 Spellcasting
 * Level 6.1 Conjurations
 + Level 1.6 Hexes
 + Level 1.4 Translocations


You had 3 spell levels left.
You knew the following spells:

 Your Spells              Type           Power      Damage    Failure   Level
a - Magic Dart            Conj           100%       1d8       1%          1
b - Searing Ray           Conj           68%        2d6       1%          2
c - Fulminant Prism       Conj/Hex       12%        3d9       19%         4
d - Iskenderun's Mystic   Conj/Tloc      23%        2d6       19%         4

Your spell library contained the following spells:

 Spells                   Type           Power      Damage    Failure   Level
 Dazzling Flash           Conj/Hex       48%        N/A       5%          3


Dungeon Overview and Level Annotations

Branches:
Dungeon (3/15)

Altars:
Gozag
Ru
Zin


Message History

Aiming: Searing Ray (safe; 1% risk of failure)
Press: ? - help, Shift-Dir - straight line, f/p - orc wizard
Aim: an orc wizard, wielding a +0 dagger and wearing a +0 robe (76% to hit)
You miscast Searing Ray.
You are very lightly contaminated with residual magic.
Nothing appears to happen.
The kobold shouts!
The orc wizard points at you and mumbles some strange words.
The puff of flame hits you!
Casting: Searing Ray (safe; 1% risk of failure)
Confirm with . or Enter, or press ? or * to list all spells.
Aiming: Searing Ray (safe; 1% risk of failure)
Press: ? - help, Shift-Dir - straight line, f/p - orc wizard
Aim: an orc wizard, wielding a +0 dagger and wearing a +0 robe (76% to hit)
The searing ray hits the orc wizard.
The orc wizard is lightly wounded. (Press . to maintain the ray.)
The orc wizard casts a spell.
The orc wizard flickers and vanishes!
Deactivating autopickup; reactivate with Ctrl-A.
The searing ray hits something.
The kobold throws a stone.
The stone misses you.
You barely miss something. Something hits you but does no damage.
You barely miss something.
The kobold throws a stone.
The stone closely misses you. Something barely misses you.
You miss something. You closely miss something.
The kobold throws a stone.
The stone hits you. Something hits you.
* * * LOW HITPOINT WARNING * * *
You hit something. Something hits you.
* * * LOW HITPOINT WARNING * * *
You miss something.
Your magical contamination has completely faded away.
You hit something. Something hits you.
* * * LOW HITPOINT WARNING * * *
As you read the scroll labelled TIUZOK AGYCVE, it crumbles to dust.
It is a scroll of enchant weapon.
Your +1 dagger of speed glows red for a moment.
Something hits you.
You die...

.........###### #...#
#...#.<..#....##########...#
#[#.##...#.##.##...........#
#....#.....................#
##....#...#.##..............#####
.............).).................
.............)...................
>..............K.................
.....###......){@)...............
.....# #......######..###########
.....# #......# #..#..........
.....# #†.....# #..#..........
$...o# #...#### #..#..........
...o.. #...# #..#...#######
....oo #...# #..#...#......
...... ####..#...#......
#.....#...#......


You could see a kobold.

Vanquished Creatures
  3 orc priests (D:3)
  4 gnolls (D:2)
  4 adders
  A worm (D:2)
  3 dart slugs (D:2)
  9 orcs (D:3)
  7 endoplasms
  A giant cockroach (D:2)
  4 goblins
  10 hobgoblins
  4 jackals (D:2)
  A quokka (D:2)
  2 ball pythons (D:1)
  11 bats
  6 frilled lizards
  5 kobolds
  3 rats
78 creatures vanquished.

Notes
Turn   | Place    | Note
-------+----------+-------------------------------------------
     0 | D:1      | graki42 the Deep Elf Conjurer began the quest for the Orb.
     0 | D:1      | Reached XP level 1. HP: 10/10 MP: 6/6
   358 | D:1      | Reached XP level 2. HP: 15/15 MP: 5/8
   361 | D:1      | Learned a level 2 spell: Searing Ray
   978 | D:2      | Reached XP level 3. HP: 19/19 MP: 7/10
  1253 | D:2      | Reached skill level 5 in Conjurations
  1257 | D:2      | Reached XP level 4. HP: 11/24 MP: 2/12
  2381 | D:3      | Learned a level 4 spell: Fulminant Prism
  2386 | D:3      | Learned a level 4 spell: Iskenderun's Mystic Blast
  2461 | D:3      | Found an opulent altar of Gozag.
  2573 | D:3      | Reached skill level 5 in Spellcasting
  2573 | D:3      | Reached XP level 5. HP: 28/28 MP: 9/14
  2743 | D:3      | Found a sacrificial altar of Ru.
  2767 | D:3      | Found a glowing silver altar of Zin.
  2956 | D:3      | Reached skill level 1 in Hexes
  2956 | D:3      | Reached skill level 1 in Translocations
  2959 | D:3      | Reached skill level 6 in Conjurations
  3043 | D:3      | Slain by an orc wizard

Illustrated notes

Levels and vault maps discovered:
D:1:      eino_arrival_water_star, layout_basic, minivault_26
D:2:      layout_loops_corners, nrook_mini_vaults
D:3:      layout_basic, mainiacjoe_overflow_catch_the_wave,
          grunt_gozag_breadcrumbs

Skill      XL: |  1  2  3  4  5 |
---------------+----------------+-----
Dodging        | 3 |  3.0
Stealth        | 3 |  3.0
Spellcasting   | 4 5 |  5.3
Conjurations   | 5 6 |  6.1
Hexes          | 1 |  1.6
Translocations | 1 |  1.4

Action                     |  1- 3 |  4- 6 || total
---------------------------+-------+-------++-------
  Melee: Dagger            |     7 |     8 ||    15
         Punch             |     1 |       ||     1
   Cast: Magic Dart        |    30 |    48 ||    78
         Searing Ray       |     4 |    15 ||    19
    Use: Scroll            |       |     1 ||     1
   Stab: Sleeping          |     2 |     1 ||     3
 Armour: Robe              |     6 |    11 ||    17
  Dodge: Dodged            |     4 |    10 ||    14

Table legend: (Time is in decaauts)
 A = Elapsed time spent in this place.
 B = Non-inter-level travel time spent in this place.
 C = Inter-level travel time spent in this place.
 D = Time resting spent in this place.
 E = Time spent auto-exploring this place.
 F = Levels seen in this place.
 G = Mean time per level.
                   A        B        C        D        E       F      G
               +--------+--------+--------+--------+--------+-----+--------+
         Total |   3040 |   3019 |     21 |    146 |   2547 |   3 | 1013.3 |
       Dungeon |   3040 |   3019 |     21 |    146 |   2547 |   3 | 1013.3 |
               +--------+--------+--------+--------+--------+-----+--------+

Top non-repeatable levels by time:
     D:2: 1382 daAuts
     D:1: 913 daAuts
     D:3: 744 daAuts
